 Dungeon Crawl Stone Soup version 0.18.1-2-ga659475 (webtiles) character file.

162 st0uf the Shield-Bearer (level 5, -1/46 HPs)
             Began as a Minotaur Fighter on May 8, 2016.
             Was an Initiate of Okawaru.
             Slain by a gnoll sergeant
             ... wielding a +2 spear of freezing
              (2 damage)
             ... on level 4 of the Dungeon.
             The game lasted 00:10:19 (2601 turns).

st0uf the Shield-Bearer (Minotaur Fighter)          Turns: 2601, Time: 00:10:20

Health: -1/46      AC:  8    Str: 24    XL:     5   Next: 19%
Magic:  4/4        EV:  8    Int:  5    God:    Okawaru [......]
Gold:   288        SH: 10    Dex: 11    Spells: 0 memorised, 4 levels left

rFire  + . .     SeeInvis .     a - +0 long sword
rCold  . . .     Gourm    +     b - +0 scale mail
rNeg   . . .     Faith    .     c - +0 shield
rPois  .         Spirit   .     (helmet restricted)
rElec  .         Dismiss  .     r - +0 cloak
rCorr  .         Reflect  .     (no gloves)
SustAt .         Harm     .     (no boots)
MR     .....                    e - amulet of the gourmand
Stlth  ..........               g - ring of protection from fire
                                h - +4 ring of strength

@: not resistant to hostile enchantments, extremely unstealthy
A: retaliatory headbutt, horns 2
a: Renounce Religion


You were on level 4 of the Dungeon.
You worshipped Okawaru.
Okawaru was noncommittal.
You were completely stuffed.

You visited 1 branch of the dungeon, and saw 4 of its levels.

You collected 288 gold pieces.

Inventory:

Hand Weapons
 a - a +0 long sword (weapon)
Armour
 b - a +0 scale mail (worn)
 c - a +0 shield (worn)
 r - a +0 cloak (worn)
Jewellery
 e - an amulet of the gourmand (around neck)
 g - a ring of protection from fire (right hand)
 h - a +4 ring of strength (left hand)
 x - an uncursed ring of ice
Scrolls
 i - 3 scrolls of identify {unknown}
 n - a scroll of teleportation {unknown}
 t - a scroll of remove curse
 u - a scroll of immolation {unknown}
 w - 2 scrolls of blinking {unknown}
Potions
 d - 2 potions of might
 k - a potion of heal wounds {unknown}
 l - a potion of ambrosia {unknown}
 m - 3 potions of curing {unknown}
 o - a potion of cure mutation {unknown}
 q - 2 potions of haste {unknown}
Books
 s - a book of Burglary

   Spells                             Type                      Level
   a - Swiftness                      Charms/Air                   2
   b - Passwall                       Transmutation/Earth          2
   c - Passage of Golubria            Translocation                4
   d - Lee's Rapid Deconstruction     Earth                        5
   e - Darkness                       Hexes                        6
   f - Invisibility                   Hexes                        6
Comestibles
 f - 5 bread rations
 j - 2 meat rations
 p - 3 fruits
 v - 2 chunks of flesh


   Skills:
 + Level 4.2 Fighting
 + Level 3.6 Long Blades
 + Level 4.5 Armour
 + Level 1.9 Dodging
 + Level 0.3 Stealth
 + Level 4.8 Shields


You had 4 spell levels left.
You didn't know any spells.

Dungeon Overview and Level Annotations

Branches:
Dungeon (4/15)
 Temple: D:4-7

Altars:
Elyvilon
Gozag
Okawaru
Xom


Innate Abilities, Weirdness & Mutations

You reflexively headbutt those who attack you in melee.
You have a pair of horns on your head.


Message History

You headbutt the gnoll sergeant, but do no damage.
The gnoll sergeant is severely wounded.
You block the gnoll sergeant's attack. You block the gnoll's attack.
The gnoll sergeant hits you with a spear of freezing.
* * * LOW HITPOINT WARNING * * *
The gnoll sergeant freezes you.
* * * LOW HITPOINT WARNING * * *
You hit the gnoll sergeant but do no damage.
You headbutt the gnoll sergeant, but do no damage.
The gnoll sergeant is severely wounded.
You block the gnoll's attack.
The gnoll sergeant hits you but does no damage.
You hit the gnoll sergeant but do no damage.
Your headbutt misses the gnoll sergeant.
The gnoll sergeant is severely wounded.
You block the gnoll's attack.
The gnoll sergeant hits you with a spear of freezing.
* * * LOW HITPOINT WARNING * * *
The gnoll sergeant freezes you.
You die...

.#
#######.#####......#
.# #.# #.###### .#
#.# ##.# .# #.# #..#
.# #.# #.## .#
#.####.# .# #. #gg.#
<# #. #g### .# #.
#@# .# #.##.#### .#
#.......# .#
####.##.# .. #.# #
.# #.# .# #.# #.#
#.#


You could see a gnoll sergeant and 2 gnolls.

Vanquished Creatures
  4 adders (D:2)
  3 gnolls (D:4)
  An ooze (D:2)
  3 worms
  A dart slug (D:2)
  2 giant geckos
  5 orcs (D:3)
  A ball python (D:3)
  2 giant cockroaches
  5 goblins
  3 hobgoblins
  16 jackals
  9 kobolds
  A quokka (D:3)
  A ball python skeleton (D:3)
  5 bats
  3 giant newts
  10 rats
  2 fungi (D:2)
77 creatures vanquished.

Notes
Turn   | Place    | Note
--------------------------------------------------------------
     0 | D:1      | st0uf the Minotaur Fighter began the quest for the Orb.
     0 | D:1      | Reached XP level 1. HP: 19/19 MP: 0/0
   142 | D:1      | Reached XP level 2. HP: 27/27 MP: 1/1
   525 | D:2      | Reached XP level 3. HP: 26/33 MP: 2/2
   830 | D:2      | Found a white marble altar of Elyvilon.
   831 | D:2      | Found an iron altar of Okawaru.
   857 | D:2      | Became a worshipper of Warmaster Okawaru
  1125 | D:2      | Reached XP level 4. HP: 40/40 MP: 3/3
  1339 | D:2      | Found a shimmering altar of Xom.
  1553 | D:3      | Reached skill level 1 in Dodging
  1854 | D:3      | Found an opulent altar of Gozag.
  2416 | D:4      | Reached XP level 5. HP: 31/46 MP: 4/4
  2601 | D:4      | HP: 1/46 [gnoll sergeant/spear of freezing (6)]
  2601 | D:4      | Slain by a gnoll sergeant

Skill      XL: |  1  2  3  4 |
---------------+-------------+-----
Armour         | 4 |  4.5
Fighting       | 4 |  4.2
Long Blades    | 3 |  3.6
Shields        | 4 |  4.8
Dodging        | 1 |  1.9
Stealth        | |  0.3

Action                   |  1- 3 |  4- 6 || total
-------------------------+-------+-------++-------
Melee: Long sword        |   156 |    83 ||   239
       Headbutt          |    19 |    17 ||    36
  Use: Scroll            |     1 |       ||     1
  Eat: Chunk             |     1 |    16 ||    17
Armor: Scale mail        |    83 |    19 ||   102
Dodge: Dodged            |    53 |    26 ||    79
Block: Shield            |    79 |    43 ||   122
